 Dungeon Crawl Stone Soup version 0.26-a0-597-gb535b0901c (webtiles) character file.

Game seed: 8698769775327754745

700 Lugonue the Insei (level 7, -6/33 HPs)
             Began as a Vine Stalker Transmuter on Sept 8, 2020.
             Mangled by a troll (11 damage)
             ... on level 7 of the Dungeon.
             The game lasted 00:06:42 (4664 turns).

Lugonue the Insei (Vine Stalker Transmuter)         Turns: 4664, Time: 00:06:45

Health: -6/33      AC:  4    Str: 14    XL:     7   Next: 65%
Magic:  0/13       EV: 13    Int: 13    God:
Gold:   266        SH:  0    Dex: 15    Spells: 9/13 levels left

rFire    + . .     SeeInvis .     - Unarmed
rCold    . . .     Faith    .   (no shield)
rNeg     + . .     Spirit   +   a - +0 robe
rPois    .         Reflect  .   w - +0 helmet
rElec    .         Harm     .   r - +0 cloak
rCorr    .                      (no gloves)
MR       .....                  (no boots)
Stlth    +++.......             q - amulet of the acrobat
HPRegen  0.51/turn              c - ring of positive energy
MPRegen  0.13/turn              o - ring of protection from fire

@: no status effects
A: fangs 2, regeneration 1, magic shield, antimagic bite, no potion heal 3, rot
immunity
a: no special abilities


You were on level 7 of the Dungeon.
You visited 1 branch of the dungeon, and saw 6 of its levels.

You collected 266 gold pieces.

Inventory:

Missiles
 p - 2 throwing nets (quivered)
Armour
 a - a +0 robe (worn)
 r - a +0 cloak (worn)
 w - a +0 helmet (worn)
Jewellery
 c - a ring of positive energy (left hand)
 o - a ring of protection from fire (right hand)
 q - an amulet of the acrobat (around neck)
 D - an uncursed ring of poison resistance {unknown}
Wands
 u - a wand of polymorph (9)
 z - a wand of disintegration (9)
 C - a wand of acid (8)
Scrolls
 b - 13 scrolls of identify
 d - 5 scrolls of remove curse
 f - a scroll of fear {unknown}
 i - 3 scrolls of teleportation {unknown}
 j - a scroll of magic mapping {unknown}
 m - a scroll of immolation {unknown}
 t - 5 scrolls of fog {unknown}
 x - a scroll of blinking {unknown}
 y - 2 scrolls of amnesia {unknown}
 A - a scroll of brand weapon {unknown}
Potions
 e - 4 potions of curing {unknown}
 g - 3 potions of flight {unknown}
 h - a potion of cancellation {unknown}
 k - 3 potions of lignification {unknown}
 l - a potion of invisibility {unknown}
 n - 2 potions of degeneration {unknown}
 s - a potion of brilliance {unknown}
 v - a potion of stabbing {unknown}
 B - a potion of magic {unknown}


   Skills:
 + Level 1.4 Fighting
 + Level 2.4 Dodging
 * Level 5.4 Stealth
 + Level 5.4 Unarmed Combat
 + Level 3.8 Spellcasting
 + Level 3.4 Transmutations


You had 9 spell levels left.
You knew the following spells:

 Your Spells              Type           Power        Failure   Level
a - Beastly Appendage     Tmut           ##....       5%          1
b - Spider Form           Tmut/Pois      #.........   30%         3

Your spell library contained the following spells:

 Spells                   Type           Power        Failure   Level
 Wereblood                Tmut           ##......     8%          2
 Ice Form                 Ice/Tmut       #.......     71%         4
 Blade Hands              Tmut           ##........   82%         5


Dungeon Overview and Level Annotations

Branches:
Dungeon (5/15)
 Temple: D:4-7

Altars:
Kikubaaqudgha
Makhleb
Nemelex Xobeh
Okawaru
Yredelemnul


Innate Abilities, Weirdness & Mutations

You have extremely sharp teeth.
Your natural rate of healing is unusually fast.
When hurt, damage is shared between your health and your magic reserves.
Your bite disrupts and absorbs the magic of your enemies.
Potions cannot restore your health.
You are immune to rotting.


Message History

The troll is moderately wounded.
Evoke which item? (* to show all) (? for menu, Esc to quit)
Aiming: Disintegrate
Press: ? - help, Shift-Dir - straight line, f/p - troll
Aim: a troll (moderately wounded, covered in acid, chance to defeat MR: 65%)
The troll struggles to resist.
Evoke which item? (* to show all) (? for menu, Esc to quit)
Aiming: Disintegrate
Press: ? - help, Shift-Dir - straight line, f/p - troll
Aim: a troll (moderately wounded, covered in acid, chance to defeat MR: 65%)
The troll struggles to resist.
The troll bites you! The troll barely misses you. The troll claws you.
Evoke which item? (* to show all) (? for menu, Esc to quit)
Aiming: Disintegrate
Press: ? - help, Shift-Dir - straight line, f/p - troll
Aim: a troll (moderately wounded, covered in acid, chance to defeat MR: 65%)
The troll struggles to resist.
The troll bites you!
* * * LOW HITPOINT WARNING * * *
The troll claws you. The troll claws you!
You die...

#.........#
#../.$!...########
..........##.....#
.........##.....#
#.##.....#..?# #
###.......#
##..##.## #####T#
#..@.# ######


You could see a troll (corroded).

Vanquished Creatures
  A scorpion (D:4)
  A howler monkey (D:4)
  2 hounds
  An orc priest (D:5)
  2 bullfrog skeletons
  4 orc wizards
  Ijyb (D:3)
  Terence (D:2)
  Natasha (twice) (D:2)
  A worker ant (D:4)
  A hound skeleton (D:5)
  3 gnolls (D:4)
  10 adders
  2 worms
  7 dart slugs
  3 leopard geckos
  5 orcs
  8 bats
  A bat zombie (D:5)
  4 giant cockroaches
  A goblin (D:3)
  2 hobgoblins
  10 jackals
  6 quokkas
  A ball python skeleton (D:4)
  5 frilled lizards
  5 kobolds
  7 rats
97 creatures vanquished.

Notes
Turn   | Place    | Note
-------+----------+-------------------------------------------
     0 | D:1      | Lugonue the Vine Stalker Transmuter began the quest for the
                  | Orb.
     0 | D:1      | Reached XP level 1. HP: 9/9 MP: 4/4
   147 | D:1      | Reached XP level 2. HP: 9/14 MP: 6/6
   740 | D:1      | You fall into a shaft and drop 1 floor!
   811 | D:2      | Reached XP level 3. HP: 11/17 MP: 3/7
  1299 | D:2      | Reached skill level 1 in Stealth
  1371 | D:2      | Found a burning altar of Makhleb.
  1380 | D:2      | Gained mutation: Your natural rate of healing is unusually
                  | fast. [Vine Stalker growth]
  1380 | D:2      | Reached XP level 4. HP: 12/21 MP: 4/9
  1521 | D:2      | Noticed Natasha
  1531 | D:2      | Killed Natasha
  1531 | D:2      | Reached skill level 1 in Fighting
  1614 | D:2      | Noticed Terence
  1620 | D:2      | Learned a level 3 spell: Spider Form
  1629 | D:2      | Killed Terence
  1629 | D:2      | Reached XP level 5. HP: 25/25 MP: 7/10
  1948 | D:2      | Noticed Natasha
  1961 | D:2      | Killed Natasha
  2532 | D:3      | Reached XP level 6. HP: 30/30 MP: 8/11
  2572 | D:3      | Noticed Ijyb
  2589 | D:3      | Killed Ijyb
  2701 | D:3      | Found an iron altar of Okawaru.
  2701 | D:3      | Found a basalt altar of Yredelemnul.
  2702 | D:3      | Found a sparkling altar of Nemelex Xobeh.
  3473 | D:4      | Reached skill level 5 in Unarmed Combat
  3473 | D:4      | Reached XP level 7. HP: 10/33 MP: 9/13
  3998 | D:5      | Entered Level 5 of the Dungeon
  4084 | D:5      | Reached skill level 5 in Stealth
  4213 | D:5      | Found an ancient bone altar of Kikubaaqudgha.
  4638 | D:5      | You fall into a shaft and drop 2 floors!
  4645 | D:7      | Noticed a troll
  4664 | D:7      | Mangled by a troll

Illustrated notes

Levels and vault maps discovered:
D:1:      denvon_arrival_planthouse, layout_basic
D:2:      layout_basic, makhleb_heckhound_becter, uniq_natasha, uniq_terence
D:3:      layout_basic, gammafunk_temple_overflow_claw, uniq_ijyb
D:4:      layout_basic
D:5:      layout_basic, lemuel_zombie_altar_kikubaaqudgha, tso_oasis_becter,
          minmay_holes
D:7:      layout_rooms, minmay_temple_entry_statues_fountains, tgw_trog,
          uniq_duvessa

Skill      XL: |  1  2  3  4  5  6  7 |
---------------+----------------------+-----
Stealth        | 1 2 4 5 |  5.4
Dodging        | 2 |  2.4
Fighting       | 1 |  1.4
Unarmed Combat | 4 5 |  5.4
Spellcasting   | 3 |  3.8
Transmutations | 3 |  3.4

Action                   |  1- 3 |  4- 6 |  7- 9 || total
-------------------------+-------+-------+-------++-------
Melee: Unarmed           |    63 |   159 |    53 ||   275
       Headbutt          |    12 |    12 |     9 ||    33
       Bite              |    11 |    22 |    15 ||    48
       Kick              |    10 |    19 |    14 ||    43
       Punch             |       |     3 |       ||     3
 Cast: Beastly Appendage |    18 |    18 |     9 ||    45
       Spider Form       |       |     4 |     1 ||     5
Evoke: Wand              |       |       |     6 ||     6
  Use: Scroll            |       |     1 |       ||     1
 Stab: Sleeping          |       |    10 |     5 ||    15
Armor: Robe              |    11 |    24 |     5 ||    40
       Skin              |       |     2 |       ||     2
Dodge: Dodged            |    36 |   105 |    35 ||   176

Table legend: (Time is in decaauts)
 A = Elapsed time spent in this place.
 B = Non-inter-level travel time spent in this place.
 C = Inter-level travel time spent in this place.
 D = Time resting spent in this place.
 E = Time spent auto-exploring this place.
 F = Levels seen in this place.
 G = Mean time per level.
                   A        B        C        D        E       F      G
               +--------+--------+--------+--------+--------+-----+--------+
         Total |   4638 |   4531 |    107 |      0 |   3688 |   6 |  773.0 |
       Dungeon |   4638 |   4531 |    107 |      0 |   3688 |   6 |  773.0 |
               +--------+--------+--------+--------+--------+-----+--------+

Top non-repeatable levels by time:
     D:2: 1394 daAuts
     D:4: 1102 daAuts
     D:3: 742 daAuts
     D:1: 737 daAuts
     D:5: 636 daAuts
     D:7: 25 daAuts
